TOP OF THE 1ST |
Redwood City Redwoods batting - Pitching for Mexico City Cerveceros : LHP Allen Purss
|
Pitching: LHP Allen Purss
|
|
Batting: RHB Robert Downing
|
0-0: Called Strike 0-1: Foul Ball, location: 2F 0-2: Ball 1-2: Ball 2-2: Foul Ball, location: 2F 2-2: Ground out 1-3 (Groundball, 13S)
|
Batting: RHB Anastasio García
|
0-0: Ball 1-0: Ball 2-0: Called Strike 2-1: Foul Ball, location: 2F 2-2: Ball 3-2: Strikes out swinging
|
Batting: RHB Bob Campbell
|
0-0: Foul Ball, location: 2F 0-1: Foul Ball, location: 2F 0-2: Ball 1-2: Ball 2-2: Ball 3-2: Base on Balls
|
Batting: LHB Arthur Hall
|
0-0: Called Strike 0-1: Foul Ball, location: 2F 0-2: Ball 1-2: Ball 2-2: Ball 3-2: Foul Ball, location: 2F 3-2: Fly out, F3 (Popup, 3L)
|
Top of the 1st over - 0 run(s), 0 hit(s), 0 error(s), 1 left on base; Redwood City 0 - Mexico City 0 |
BOTTOM OF THE 1ST |
Mexico City Cerveceros batting - Pitching for Redwood City Redwoods : RHP Nathan Seymour
|
Pitching: RHP Nathan Seymour
|
|
Batting: SHB George Adams
|
0-0: Ball 1-0: Called Strike 1-1: Ground out 1-3 (Groundball, 15)
|
Batting: LHB John Nicholson
|
0-0: Ball 1-0: Called Strike 1-1: Ball 2-1: Called Strike 2-2: Ball 3-2: Base on Balls
|
Batting: RHB Hamilton Holbrook
|
0-0: DOUBLE (Flyball, 7D) John Nicholson to third Runner from 3rd tries for Home, SAFE, no throw
|
Batting: RHB Dennis Stephenson
|
0-0: Ball 1-0: Called Strike 1-1: Ball 2-1: Foul Ball, location: 2F 2-2: Ball 3-2: Base on Balls
|
Batting: LHB Gary Kern
|
0-0: Ball 1-0: Grounds into double play, 4-6-3 (Groundball, 34)
|
Bottom of the 1st over - 1 run(s), 1 hit(s), 0 error(s), 1 left on base; Redwood City 0 - Mexico City 1 |
TOP OF THE 2ND |
Redwood City Redwoods batting - Pitching for Mexico City Cerveceros : LHP Allen Purss
|
Batting: LHB Patrick Bright
|
0-0: Foul Ball, location: 2F 0-1: Foul Ball, location: 2F 0-2: Ball 1-2: Foul Ball, location: 2F 1-2: Ball 2-2: Strikes out looking
|
Batting: LHB Pedro Rodríguez
|
0-0: Foul Ball, location: 2F 0-1: Ball 1-1: Called Strike 1-2: Strikes out looking
|
Batting: LHB Vicente Chávez
|
0-0: Ball 1-0: Swinging Strike 1-1: Ball 2-1: Swinging Strike 2-2: SINGLE (Groundball, 6D)
|
Batting: RHB Carlos Gonzáles
|
0-0: Foul Ball, location: 2F 0-1: Called Strike 0-2: TRIPLE (Line Drive, 3L) Vicente Chávez scores
|
Batting: RHB Keitaro Suzuki
|
0-0: Ball 1-0: Foul Ball, location: 2F 1-1: Foul Ball, location: 2F 1-2: Ball 2-2: Ball 3-2: Fly out, F9 (Flyball, 9S)
|
Top of the 2nd over - 1 run(s), 2 hit(s), 0 error(s), 1 left on base; Redwood City 1 - Mexico City 1 |
BOTTOM OF THE 2ND |
Mexico City Cerveceros batting - Pitching for Redwood City Redwoods : RHP Nathan Seymour
|
Batting: RHB Robinson Pacheco
|
0-0: Ball 1-0: Ball 2-0: Ball 3-0: Base on Balls
|
Batting: LHB Don Soper
|
0-0: Ball 1-0: Ball 2-0: Swinging Strike 2-1: SINGLE (Flyball, 8RS) Robinson Pacheco to second
|
Batting: RHB Claudio Souza
|
0-0: Called Strike 0-1: Fly out, F4 (Line Drive, 4) Lined into DP, 4-3 (Line Drive, 4)
|
Batting: RHB Orlando Núñes
|
0-0: SINGLE (Groundball, 56D) Robinson Pacheco to third Runner from 3rd tries for Home, SAFE, no throw
|
Batting: SHB George Adams
|
0-0: Ball Orlando Núñes steals 2nd base 1-0: Ground out 4-3 (Groundball, 4S)
|
Bottom of the 2nd over - 1 run(s), 2 hit(s), 0 error(s), 1 left on base; Redwood City 1 - Mexico City 2 |
TOP OF THE 3RD |
Redwood City Redwoods batting - Pitching for Mexico City Cerveceros : LHP Allen Purss
|
Batting: RHB Robert Downing
|
0-0: Called Strike 0-1: Ball 1-1: Foul Ball, location: 2F 1-2: Fly out, F9 (Line Drive, 89M)
|
Batting: RHB Anastasio García
|
0-0: Swinging Strike 0-1: Fly out, F4 (Popup, 4D)
|
Batting: RHB Bob Campbell
|
0-0: Ball 1-0: Ground out 6-3 (Groundball, 6)
|
Top of the 3rd over - 0 run(s), 0 hit(s), 0 error(s), 0 left on base; Redwood City 1 - Mexico City 2 |
BOTTOM OF THE 3RD |
Mexico City Cerveceros batting - Pitching for Redwood City Redwoods : RHP Nathan Seymour
|
Batting: LHB John Nicholson
|
0-0: Swinging Strike 0-1: Ball 1-1: Ball 2-1: Ground out 4-3 (Groundball, 4)
|
Batting: RHB Hamilton Holbrook
|
0-0: Called Strike 0-1: Ground out 6-3 (Groundball, 6)
|
Batting: RHB Dennis Stephenson
|
0-0: Ball 1-0: Ball 2-0: Ball 3-0: Called Strike 3-1: Foul Ball, location: 2F 3-2: Foul Ball, location: 2F 3-2: Fly out, F9 (Flyball, 9LS)
|
Bottom of the 3rd over - 0 run(s), 0 hit(s), 0 error(s), 0 left on base; Redwood City 1 - Mexico City 2 |
TOP OF THE 4TH |
Redwood City Redwoods batting - Pitching for Mexico City Cerveceros : LHP Allen Purss
|
Batting: LHB Arthur Hall
|
0-0: Ball 1-0: Called Strike 1-1: Swinging Strike 1-2: Foul Ball, location: 2F 1-2: Ball 2-2: Strikes out looking
|
Batting: LHB Patrick Bright
|
0-0: Ball 1-0: Foul Ball, location: 2F 1-1: Hit by Pitch
|
Batting: LHB Pedro Rodríguez
|
0-0: SINGLE (Line Drive, 9LS) Patrick Bright to second
|
Batting: LHB Vicente Chávez
|
0-0: Called Strike 0-1: Swinging Strike 0-2: Ball 1-2: Ball 2-2: Ball 3-2: Strikes out swinging
|
Batting: RHB Carlos Gonzáles
|
0-0: Called Strike 0-1: Ball 1-1: Swinging Strike 1-2: Strikes out swinging
|
Top of the 4th over - 0 run(s), 1 hit(s), 0 error(s), 2 left on base; Redwood City 1 - Mexico City 2 |
BOTTOM OF THE 4TH |
Mexico City Cerveceros batting - Pitching for Redwood City Redwoods : RHP Nathan Seymour
|
Batting: LHB Gary Kern
|
0-0: Ball 1-0: Ball 2-0: SINGLE (Line Drive, 4MD)
|
Batting: RHB Robinson Pacheco
|
0-0: Called Strike 0-1: Ball 1-1: Ground out 6-3 (Groundball, 6S) Gary Kern to second
|
Batting: LHB Don Soper
|
0-0: Fly out, F9 (Flyball, 9LM)
|
Batting: RHB Claudio Souza
|
0-0: Fly out, F9 (Flyball, 9LS)
|
Bottom of the 4th over - 0 run(s), 1 hit(s), 0 error(s), 1 left on base; Redwood City 1 - Mexico City 2 |
TOP OF THE 5TH |
Redwood City Redwoods batting - Pitching for Mexico City Cerveceros : LHP Allen Purss
|
Batting: RHB Keitaro Suzuki
|
0-0: Fly out, F5 (Popup, 5L)
|
Batting: RHB Robert Downing
|
0-0: Called Strike 0-1: Ground out 4-3 (Groundball, 4M)
|
Batting: RHB Anastasio García
|
0-0: Called Strike 0-1: Foul Ball, location: 2F 0-2: Foul Ball, location: 2F 0-2: Ball 1-2: Strikes out swinging
|
Top of the 5th over - 0 run(s), 0 hit(s), 0 error(s), 0 left on base; Redwood City 1 - Mexico City 2 |
BOTTOM OF THE 5TH |
Mexico City Cerveceros batting - Pitching for Redwood City Redwoods : RHP Nathan Seymour
|
Batting: RHB Orlando Núñes
|
0-0: Swinging Strike 0-1: Foul Ball, location: 2F 0-2: Strikes out looking
|
Batting: SHB George Adams
|
0-0: Ground out 6-3 (Groundball, 6MS)
|
Batting: LHB John Nicholson
|
0-0: Ball 1-0: SOLO HOME RUN (Flyball, 8RXD), Distance : 422 ft
|
Batting: RHB Hamilton Holbrook
|
0-0: Called Strike 0-1: Called Strike 0-2: Foul Ball, location: 2F 0-2: SOLO HOME RUN (Flyball, 78XD), Distance : 389 ft
|
Batting: RHB Dennis Stephenson
|
0-0: Ball 1-0: Swinging Strike 1-1: Ball 2-1: Ball 3-1: SOLO HOME RUN (Flyball, 7D), Distance : 354 ft
|
Batting: LHB Gary Kern
|
0-0: Fly out, F8 (Flyball, 8LM)
|
Bottom of the 5th over - 3 run(s), 3 hit(s), 0 error(s), 0 left on base; Redwood City 1 - Mexico City 5 |
TOP OF THE 6TH |
Redwood City Redwoods batting - Pitching for Mexico City Cerveceros : LHP Allen Purss
|
Batting: RHB Bob Campbell
|
0-0: Foul Ball, location: 2F 0-1: Ball 1-1: Foul Ball, location: 2F 1-2: Strikes out swinging
|
Batting: LHB Arthur Hall
|
0-0: Called Strike 0-1: Ball 1-1: Called Strike 1-2: Fly out, F7 (Flyball, 7)
|
Batting: LHB Patrick Bright
|
0-0: Foul Ball, location: 2F 0-1: Foul Ball, location: 2F 0-2: Foul Ball, location: 2F 0-2: Ground out 4-3 (Groundball, 4)
|
Top of the 6th over - 0 run(s), 0 hit(s), 0 error(s), 0 left on base; Redwood City 1 - Mexico City 5 |
BOTTOM OF THE 6TH |
Mexico City Cerveceros batting - Pitching for Redwood City Redwoods : RHP Nathan Seymour
|
Pitching: RHP José Gusmán
|
|
Batting: RHB Robinson Pacheco
|
0-0: Ball 1-0: Ball 2-0: Foul Ball, location: 2F 2-1: Ball 3-1: Base on Balls
|
Batting: LHB Don Soper
|
0-0: Called Strike 0-1: Fly out, F7 (Flyball, 7LS)
|
Batting: RHB Claudio Souza
|
0-0: Ball 1-0: SINGLE (Groundball, 56D) Robinson Pacheco to second
|
Batting: RHB Orlando Núñes
|
0-0: Foul Ball, location: 2F 0-1: Ball 1-1: Foul Ball, location: 2F 1-2: Grounds into double play, 4-6-3 (Groundball, 4)
|
Bottom of the 6th over - 0 run(s), 1 hit(s), 0 error(s), 1 left on base; Redwood City 1 - Mexico City 5 |
TOP OF THE 7TH |
Redwood City Redwoods batting - Pitching for Mexico City Cerveceros : LHP Allen Purss
|
Batting: LHB Pedro Rodríguez
|
0-0: Ball 1-0: Foul Ball, location: 2F 1-1: SINGLE (Groundball, 6MD)
|
Pitching: LHP Doug Starks
|
|
Batting: LHB Vicente Chávez
|
0-0: Ball Pedro Rodríguez is caught stealing 2nd base 1-0: Ball 2-0: Foul Ball, location: 2F 2-1: Foul Ball, location: 2F 2-2: Foul Ball, location: 2F 2-2: Ball 3-2: Foul Ball, location: 2F 3-2: Reached on error, E1 (Groundball, 13S)
|
Batting: RHB Carlos Gonzáles
|
0-0: Ball 1-0: Foul Ball, location: 2F 1-1: Ball 2-1: Ball 3-1: Base on Balls
|
Batting: RHB Keitaro Suzuki
|
0-0: Fly out, F8 (Flyball, 8LS)
|
Batting: RHB Robert Downing
|
0-0: Called Strike 0-1: Ball 1-1: Foul Ball, location: 2F 1-2: Ball 2-2: Foul Ball, location: 2F 2-2: Ball 3-2: Base on Balls Vicente Chávez to third Carlos Gonzáles to second
|
Batting: RHB Anastasio García
|
0-0: Called Strike 0-1: Foul Ball, location: 2F 0-2: DOUBLE (Flyball, 78D) Vicente Chávez scores Carlos Gonzáles scores Robert Downing to third Runner from 3rd tries for Home, SAFE, no throw
|
Pitching: RHP Tex Perkins
|
|
Pinch Hitting: LHB Frank Young
|
0-0: Swinging Strike 0-1: Swinging Strike 0-2: Strikes out looking
|
Top of the 7th over - 3 run(s), 2 hit(s), 1 error(s), 1 left on base; Redwood City 4 - Mexico City 5 |
BOTTOM OF THE 7TH |
Mexico City Cerveceros batting - Pitching for Redwood City Redwoods : RHP José Gusmán
|
Now in RF: Frank Young
|
|
Batting: SHB George Adams
|
0-0: Ball 1-0: Ball 2-0: Ball 3-0: Base on Balls
|
Batting: LHB John Nicholson
|
0-0: Ball 1-0: Called Strike George Adams is caught stealing 2nd base 1-1: Ball 2-1: Ball 3-1: Fly out, F9 (Flyball, 9S)
|
Batting: RHB Hamilton Holbrook
|
0-0: Ball 1-0: Ball 2-0: Ball 3-0: Base on Balls
|
Batting: RHB Dennis Stephenson
|
0-0: Swinging Strike 0-1: Called Strike 0-2: Ball 1-2: Ball 2-2: Foul Ball, location: 2F 2-2: Ball 3-2: Foul Ball, location: 2F 3-2: Foul Ball, location: 2F 3-2: Fly out, F9 (Flyball, 9)
|
Bottom of the 7th over - 0 run(s), 0 hit(s), 0 error(s), 1 left on base; Redwood City 4 - Mexico City 5 |
TOP OF THE 8TH |
Redwood City Redwoods batting - Pitching for Mexico City Cerveceros : RHP Tex Perkins
|
Pitching: RHP Jesús Mendoza
|
|
Now at C: Fernando Garza
|
|
Batting: LHB Arthur Hall
|
0-0: Ball 1-0: Ground out 4-3 (Groundball, 4)
|
Batting: LHB Patrick Bright
|
0-0: Foul Ball, location: 2F 0-1: Ball 1-1: Ball 2-1: Foul Ball, location: 2F 2-2: Strikes out swinging
|
Batting: LHB Pedro Rodríguez
|
0-0: Swinging Strike 0-1: Ball 1-1: Ball 2-1: Swinging Strike 2-2: Ball 3-2: Strikes out looking
|
Top of the 8th over - 0 run(s), 0 hit(s), 0 error(s), 0 left on base; Redwood City 4 - Mexico City 5 |
BOTTOM OF THE 8TH |
Mexico City Cerveceros batting - Pitching for Redwood City Redwoods : RHP José Gusmán
|
Batting: LHB Gary Kern
|
0-0: Ball 1-0: Ball 2-0: Foul Ball, location: 2F 2-1: SINGLE (Flyball, 78S)
|
Batting: RHB Robinson Pacheco
|
0-0: Sac Bunt - play at first, batter OUT! 2-4 Gary Kern to second
|
Pinch Hitting: RHB Murai Ishihara
|
0-0: Intentional Walk
|
Pinch Hitting: LHB Ricardo Ruíz
|
0-0: Foul Ball, location: 2F 0-1: Foul Ball, location: 2F 0-2: Ball 1-2: Strikes out swinging
|
Pitching: RHP Domingo Franco
|
|
Pinch Hitting: LHB Juan García
|
0-0: Ball Wild Pitch! Gary Kern to third Murai Ishihara to second 1-0: Ball 2-0: Fly out, F8 (Line Drive, 8LXD)
|
Bottom of the 8th over - 0 run(s), 1 hit(s), 0 error(s), 2 left on base; Redwood City 4 - Mexico City 5 |
TOP OF THE 9TH |
Redwood City Redwoods batting - Pitching for Mexico City Cerveceros : RHP Jesús Mendoza
|
Pitching: LHP Daniel Draper
|
|
Now at 1B: Murai Ishihara
|
|
Now at SS: John Dinkins
|
|
Now in LF: Juan García
|
|
Pinch Hitting: RHB Juan Robles
|
0-0: Ball 1-0: Called Strike 1-1: Fly out, F5 (Line Drive, 5)
|
Pinch Hitting: RHB Tokuhei Kobayashi
|
0-0: Ball 1-0: Foul Ball, location: 2F 1-1: Ball 2-1: Swinging Strike 2-2: Strikes out swinging
|
Batting: RHB Keitaro Suzuki
|
0-0: Ball 1-0: Ball 2-0: Ball 3-0: Called Strike 3-1: Base on Balls
|
Batting: RHB Robert Downing
|
0-0: Ball 1-0: Foul Ball, location: 2F 1-1: SINGLE (Line Drive, 7S) Keitaro Suzuki to second
|
Batting: RHB Anastasio García
|
0-0: Called Strike 0-1: SINGLE (Groundball, 4MD) Keitaro Suzuki to third Robert Downing to second Runner from 3rd tries for Home, SAFE, throw made home
|
Pinch Hitting: RHB Luis Ramírez
|
0-0: Fly out, F9 (Flyball, 9)
|
Top of the 9th over - 1 run(s), 2 hit(s), 0 error(s), 2 left on base; Redwood City 5 - Mexico City 5 |
|